 Dungeon Crawl Stone Soup version 0.23.1 (webtiles) character file.

Game seed: 4547915244060239259

1978 Norn the Slinger (level 9, -1/62 HPs)
             Began as a Halfling Hunter on Mar 15, 2019.
             Was a Believer of Okawaru.
             Slain by a thrashing horror (7 damage)
             ... on level 1 of the Abyss.
             The game lasted 00:13:34 (6366 turns).

Norn the Slinger (Halfling Hunter)                  Turns: 6366, Time: 00:13:34

Health: -1/62      AC: 10    Str: 16    XL:     9   Next: 43%
Magic:  10/10      EV: 17    Int: 12    God:    Okawaru [**....]
Gold:   447        SH:  0    Dex: 15    Spells: 8/8 levels left

rFire    . . .     SeeInvis +   b - +9 dagger of the Big Fish {elec, *Slow Str+6}
rCold    . . .     Gourm    .   (shield restricted)
rNeg     . . .     Faith    .   q - +0 ring mail
rPois    .         Spirit   .   P - +2 helmet
rElec    .         Reflect  .   D - +0 cloak
rCorr    .         Harm     .   L - +0 pair of gloves
MR       .....                  (no boots)
Stlth    +.........             (no amulet)
HPRegen  0.20/turn              z - ring of see invisible
MPRegen  0.12/turn              F - -3 ring of strength (curse)

@: very slightly contaminated
A: small, mutation resistance 1
a: Heroism, Renounce Religion


You were on level 1 of the Abyss.
You worshipped Okawaru.
Okawaru was pleased with you.
You were not hungry.

You visited 2 branches of the dungeon, and saw 8 of its levels.
You visited the Abyss 1 time.

You collected 447 gold pieces.

Inventory:

Hand Weapons
 a - a +1 hunting sling
 b - the +9 dagger of the Big Fish (weapon) {elec, *Slow Str+6}
   (You found it on level 4 of the Dungeon)

   Occasionally, upon striking a foe, it will discharge some electrical energy
   and cause terrible harm.
   It affects your strength (+6).
   It may slow you when you take damage.
 E - a +0 short sword
Missiles
 d - 45 sling bullets
 m - 118 stones (quivered)
 C - 2 poisoned needles
Armour
 q - a +0 ring mail (worn)
   (You found it on level 2 of the Dungeon)
 D - a +0 cloak (worn)
   (You found it on level 3 of the Dungeon)
 L - a +0 pair of gloves (worn)
   (You found it on level 5 of the Dungeon)
 P - a +2 helmet (worn)
   (You found it on level 6 of the Dungeon)
Jewellery
 o - a +3 amulet of reflection
   (You found it on level 1 of the Dungeon)
 p - an uncursed amulet of magic regeneration
   (You found it on level 1 of the Dungeon)
 z - a ring of see invisible (left hand)
   (You found it on level 1 of the Dungeon)
 F - a cursed -3 ring of strength (right hand)
   (You found it on level 4 of the Dungeon)
 J - an uncursed ring of ice
   (You found it on level 5 of the Dungeon)
 N - an uncursed amulet of the gourmand
   (You found it on level 6 of the Dungeon)
Wands
 x - a wand of acid (5)
   (You found it on level 2 of the Dungeon)
 O - a wand of polymorph (7)
   (You found it on level 6 of the Dungeon)
Scrolls
 f - a scroll of amnesia
 g - 3 scrolls of remove curse {@r2}
 h - a scroll of fog {unknown}
 k - 6 scrolls of identify {@r1}
 s - a scroll of teleportation {unknown}
 w - 2 scrolls of blinking
 y - a scroll of enchant armour
 A - a scroll of fear
Potions
 i - a potion of brilliance {unknown}
 j - 4 potions of curing {unknown}
 n - 2 potions of heal wounds {unknown}
 r - a potion of ambrosia {unknown}
 t - a potion of magic {unknown}
 u - 2 potions of might {unknown}
 v - 2 potions of mutation {unknown}
 B - a potion of resistance {unknown}
 G - 2 potions of degeneration {unknown}
 I - a potion of haste {unknown}
 K - 3 potions of flight {unknown}
Comestibles
 e - 13 rations {!d}


   Skills:
 + Level 5.8 Fighting
 - Level 12.0 Slings
 + Level 7.0 Dodging
 - Level 1.1 Stealth
 + Level 2.3 Invocations


You had 8 spell levels left.
You didn't know any spells.
Your spell library was empty.

Dungeon Overview and Level Annotations

Branches:
Dungeon (7/15)             Temple (1/1) D:4

Altars:
Ashenzari
Cheibriados
Dithmenos
Elyvilon
Fedhas
Gozag
Hepliaklqana
Kikubaaqudgha
Makhleb
Nemelex Xobeh
Okawaru
Qazlal
Ru
Sif Muna
Trog
Uskayaw
Vehumet
Wu Jian
Yredelemnul
Zin
The Shining One

Annotations:
D:7 Dowan, Duvessa


Innate Abilities, Weirdness & Mutations

You are small and have problems with some larger weapons.
You are somewhat resistant to further mutation.


Message History

* * * LOW HITPOINT WARNING * * *
You stumble backwards!
Unknown command.
The thrashing horror tramples you!
* * * LOW HITPOINT WARNING * * *
You hold your ground!
The thrashing horror tramples you but does no damage.
The thrashing horror roars!
The thrashing horror completely misses you.
The thrashing horror barely misses you.
The thrashing horror closely misses you.
The thrashing horror tramples you.
* * * LOW HITPOINT WARNING * * *
You stumble backwards!
The thrashing horror misses you.
The thrashing horror tramples you but does no damage.
Found 17 stones.
The thrashing horror roars!
The thrashing horror tramples you but does no damage.
The thrashing horror barely misses you. The thrashing horror tramples you.
* * * LOW HITPOINT WARNING * * *
You stumble backwards!
The thrashing horror barely misses you. The thrashing horror misses you.
Blink to where?
You are very lightly contaminated with residual magic.
As you read the scroll labeled OQOGOT GOBBUE, it crumbles to dust.
It was a scroll of blinking.
The thrashing horror roars!
Found a ration.
As you read the scroll labeled SUGROPS WEMI, it crumbles to dust.
It is a scroll of enchant armour.
Your +1 helmet glows green for a moment.
As you read the scroll labeled ZAEKKA WIMMIOD, it crumbles to dust.
It is a scroll of amnesia.
You feel forgetful for a moment. The thrashing horror misses you.
The thrashing horror tramples you.
* * * LOW HITPOINT WARNING * * *
You stumble backwards!
The thrashing horror closely misses you. x2
As you read the scroll of fear, it crumbles to dust.
You assume a fearsome visage.
The thrashing horror is unaffected.
The thrashing horror roars!
The thrashing horror misses you. The thrashing horror tramples you.
* * * LOW HITPOINT WARNING * * *
You stumble backwards!
As you read the scroll labeled DIOKHO SURA, it crumbles to dust.
You feel momentarily disoriented.
It was a scroll of magic mapping.
The thrashing horror misses you. The thrashing horror tramples you!
You die...

. #. ## .# ..
#.# ###. .. ..#
.#.#. ..#
##...##..
#..#.#.# #.
###.....#
.#..#....@# . #
........X#.#
##..
..#....###.. .
...#...%##..#
.## #. .#....
..... #
#....#.##....#.
#..#.#(.....#..
#.....##.## ..
#......#. ..#


You could see a thrashing horror.

Vanquished Creatures
  Grinder (D:3)
  Eustachio (D:4)
  Menkaure (D:4)
  A sky beast (D:5)
  An ice beast (D:5)
  2 ogres
  A centaur (D:5)
  A bullfrog (D:6)
  A howler monkey (D:4)
  A centaur zombie (D:4)
  A crimson imp (D:5)
  5 hounds
  6 orc wizards
  3 bullfrog skeletons
  A centaur skeleton (D:5)
  2 orc priests
  Jessica (D:2)
  An iguana (D:5)
  2 worker ants
  A hound zombie (D:5)
  2 worker ant zombies (D:4)
  8 adders
  12 gnolls
  2 oozes
  2 adder skeletons
  An adder zombie (D:4)
  3 worms (D:2)
  3 dart slugs
  5 leopard geckos
  13 orcs
  2 bat zombies (D:3)
  5 giant cockroaches
  5 goblins
  6 hobgoblins
  4 jackals (D:4)
  3 quokkas
  8 bats
  2 frilled lizards
  A jackal skeleton (D:4)
  A jackal zombie (D:4)
  4 kobolds
  A quokka zombie (D:4)
  A rat (D:2)
  2 rat zombies (D:3)
130 creatures vanquished.

Notes
Turn   | Place    | Note
-------+----------+-------------------------------------------
     0 | D:1      | Norn the Halfling Hunter began the quest for the Orb.
     0 | D:1      | Reached XP level 1. HP: 14/14 MP: 1/1
    72 | D:1      | Reached skill level 6 in Slings
   157 | D:1      | Reached XP level 2. HP: 19/19 MP: 2/2
   437 | D:1      | Reached XP level 3. HP: 24/24 MP: 3/3
   890 | D:2      | Noticed Jessica
   895 | D:2      | Killed Jessica
   895 | D:2      | Reached skill level 7 in Slings
   895 | D:2      | Reached XP level 4. HP: 30/30 MP: 4/4
  1111 | D:2      | Reached XP level 5. HP: 34/35 MP: 5/5
  1318 | D:3      | Noticed Grinder
  1318 | D:3      | Paralysed by Grinder for 7 turns
  1589 | D:3      | Found a stormy altar of Qazlal.
  2012 | D:3      | Killed Grinder
  2012 | D:3      | Reached skill level 8 in Slings
  2012 | D:3      | Reached XP level 6. HP: 19/42 MP: 6/6
  2353 | D:3      | Reached XP level 7. HP: 46/46 MP: 7/7
  2354 | D:3      | Reached skill level 9 in Slings
  2844 | D:3      | Found an ancient bone altar of Kikubaaqudgha.
  3190 | D:4      | Noticed Menkaure
  3193 | D:4      | Killed Menkaure
  3369 | D:4      | Found a staircase to the Ecumenical Temple.
  3372 | D:4      | Noticed Eustachio
  3392 | D:4      | Killed Eustachio
  3392 | D:4      | Reached skill level 10 in Slings
  3392 | D:4      | Reached XP level 8. HP: 54/54 MP: 8/8
  3409 | Temple   | Entered the Ecumenical Temple
  3576 | Temple   | Became a worshipper of Warmaster Okawaru
  3658 | D:4      | Reached skill level 5 in Dodging
  3887 | D:4      | Got an encrusted dagger
  3921 | D:4      | Identified the +9 dagger of the Big Fish {elec, *Slow
                  | Str+6} (You found it on level 4 of the Dungeon)
  4177 | D:4      | Reached skill level 11 in Slings
  4268 | D:5      | Entered Level 5 of the Dungeon
  4411 | D:5      | Reached * piety under Okawaru
  4450 | D:5      | Reached skill level 5 in Fighting
  4450 | D:5      | Reached XP level 9. HP: 20/61 MP: 9/9
  4844 | D:5      | Reached skill level 12 in Slings
  4901 | D:5      | Found a glowing silver altar of Zin.
  4901 | D:5      | Found an opulent altar of Gozag.
  5096 | D:5      | Reached skill level 1 in Invocations
  5203 | D:5      | Found a glowing golden altar of the Shining One.
  6021 | D:6      | Reached ** piety under Okawaru
  6295 | D:7      | Found a sparkling altar of Nemelex Xobeh.
  6311 | D:7      | Noticed Duvessa
  6313 | D:7      | Noticed Dowan
  6319 | D:7      | Cast into level 1 of the Abyss (Duvessa)
  6320 | Abyss:1  | Found a corrupted altar of Lugonu.
  6332 | Abyss:1  | Noticed a large abomination
  6345 | Abyss:1  | Noticed a thrashing horror
  6366 | Abyss:1  | Slain by a thrashing horror

Skill      XL: |  1  2  3  4  5  6  7  8  9 |
---------------+----------------------------+-----
Slings         | 6 7 8 10 11 12 | 12.0
Fighting       | 2 3 4 5 |  5.8
Dodging        | 3 4 6 7 |  7.0
Invocations    | 2 |  2.3
Stealth        | |  1.1

Action                   |  1- 3 |  4- 6 |  7- 9 || total
-------------------------+-------+-------+-------++-------
Melee: Dagger            |       |       |    84 ||    84
 Fire: Hunting sling     |    69 |    87 |   356 ||   512
Evoke: Wand              |       |     2 |     3 ||     5
  Use: Scroll            |       |       |    10 ||    10
  Eat: Chunk             |       |     4 |    12 ||    16
Armor: Leather armour    |     4 |       |       ||     4
       Ring mail         |     1 |     9 |    45 ||    55
Dodge: Dodged            |    18 |    12 |   165 ||   195
